Map: Dash and Terminal LE (Void)

Players

SticklerMac - Winner!

  • Race: Zerg Zerg
  • League: Silver

Baphomet

  • Race: Protoss Protoss
  • League: Silver

VOD

Have the link to the VOD?

Description

Time

  • Played on: Aug. 24, 2015, 8:13 p.m.
  • Length: 15:03
Show
View Real Time Build Order
Export as new Build Order

SticklerMac Zerg - Winner!

Build Orders: Hatch First 

Get SALT Encoding   

  12  0:00  Drone  
  13  0:10  Drone  
  14  0:16  Overlord  
  14  0:35  Drone x3  
  17  0:54  Hatchery  
  16  0:57  Drone  
  16  1:00  Drone  
  18  1:04  Extractor  
  17  1:15  Spawning Pool  
  17  1:18  Drone  
  17  1:22  Drone  
  18  1:28  Drone  
  19  1:39  Drone  
  20  1:51  Drone  
  21  2:02  Drone  
  21  2:06  Queen x2  
  26  2:10  Overlord  
  26  2:13  Metabolic Boost  
  26  2:14  Drone  
  27  2:18  Drone  
  28  2:29  Zergling x4  
  30  2:34  Zergling x2  
  31  2:40  Zergling x2  
  32  2:45  Zergling x2  
  33  2:54  Zergling x2  
  34  3:01  Zergling x4  
  36  3:07  Lair  
  36  3:20  Overlord x2  
  36  3:21  Overlord  
  35  3:30  Overlord x3  
  35  3:40  Zergling x4  
  36  3:48  Zergling x10  
  37  3:49  Zergling x2  
  42  4:01  Zergling x4  
  43  4:10  Roach Warren, Drone x2  
  43  4:12  Hatchery  
  43  4:17  Zergling x6  
  43  4:19  Zergling x2  
  47  4:43  Hatchery  
  46  4:47  Zergling x2  
  47  4:53  Queen x2  
  51  5:09  Spore Crawler, Spire  
  51  5:12  Spore Crawler  
  48  5:14  Drone  
  48  5:16  Drone  
  48  5:19  Drone  
  49  5:38  Zergling x2  
  49  5:39  Zergling x12  
  42  5:53  Drone x5  
  42  5:55  Drone  
  48  6:04  Drone x3  
  49  6:16  Queen  
  51  6:31  Overlord x2  
  51  6:38  Mutalisk x4  
  59  6:47  Drone x3  
  59  6:48  Drone x3  
  65  6:55  Overseer  
  65  7:01  Extractor  
  64  7:02  Drone x5  
  64  7:03  Extractor  
  64  7:06  Overlord  
  68  7:09  Overlord  
  65  7:28  Drone x8  
  65  7:29  Drone x4  
  77  7:38  Extractor  
  77  7:42  Drone x5  
  77  7:43  Drone x4  
  85  7:54  Overlord  
  85  7:55  Overlord x3  
  85  7:57  Mutalisk  
  87  8:10  Extractor  
  87  8:12  Extractor  
  85  8:13  Spore Crawler  
  85  8:15  Spore Crawler  
  85  8:18  Spore Crawler  
  82  8:22  Spore Crawler, Drone  
  82  8:23  Spore Crawler  
  82  8:27  Drone x5  
  82  8:28  Mutalisk  
  82  8:29  Mutalisk x2  
  92  8:35  Mutalisk x2  
  96  9:00  Mutalisk x2  
  97  9:15  Spawning Pool  
  96  9:19  Mutalisk x3  
  102  9:26  Mutalisk  
  102  9:31  Mutalisk  
  106  9:40  Mutalisk  
  106  9:44  Mutalisk  
  110  9:52  Infestation Pit  
  110  9:58  Mutalisk  
  107  10:09  Mutalisk x2  
  109  10:26  Spore Crawler  
  109  10:27  Hatchery, Spore Crawler  
  102  10:40  Queen  
  104  10:43  Mutalisk x2  
  104  10:44  Mutalisk x4  
  116  11:02  Overlord x5  
  116  11:03  Overlord  
  116  11:07  Mutalisk x2  
  120  11:16  Overlord x5  
  120  11:17  Overlord  
  120  11:22  Mutalisk  
  120  11:23  Mutalisk x3  
  128  11:41  Drone  
  128  11:42  Drone x12  
  128  11:43  Drone  
  142  11:49  Mutalisk x2  
  142  11:50  Mutalisk x2  
  150  11:56  Hive  
  150  11:57  Drone x7  
  150  11:58  Extractor  
  156  12:02  Extractor  
  155  12:08  Mutalisk x2  
  159  12:18  Mutalisk  
  159  12:20  Mutalisk  
  163  12:36  Mutalisk  
  163  12:37  Mutalisk x2  
  163  12:39  Mutalisk  
  171  12:47  Queen  
  171  12:48  Mutalisk x2  
  177  12:57  Corruptor  
  177  12:58  Corruptor  
  181  13:03  Corruptor  
  183  13:11  Viper  
  186  13:20  Viper  
  186  13:25  Corruptor  
  191  13:35  Viper  
  194  13:43  Viper  
  197  13:56  Viper  
  167  14:25  Mutalisk x4  
  167  14:26  Mutalisk  
Show
View Real Time Build Order
Export as new Build Order

Baphomet Protoss 

Build Orders: 1 Gate Expand 

Get SALT Encoding   

  12  0:01  Probe  
  13  0:16  Pylon  
  13  0:18  Probe  
  14  0:30  Probe  
  15  0:36  Gateway  
  15  0:42  Probe  
  16  0:54  Probe  
  17  0:59  Assimilator  
  17  1:06  Probe  
  19  1:18  Probe  
  19  1:27  Nexus  
  19  1:35  Pylon  
  19  1:43  Cybernetics Core  
  19  1:51  Zealot  
  19  1:54  Probe  
  22  2:07  Probe  
  23  2:09  Assimilator  
  23  2:19  Probe  
  24  2:25  Gateway  
  24  2:27  Stalker  
  26  2:38  Mothership Core  
  26  2:39  Probe  
  29  2:51  Probe  
  30  2:53  Gateway  
  30  2:54  Warp Gate  
  29  3:01  Pylon  
  29  3:03  Probe  
  30  3:09  Probe  
  31  3:35  Probe  
  31  3:38  Robotics Facility  
  31  3:40  Probe  
  33  3:41  Pylon  
  33  3:47  Probe  
  34  3:55  Stargate  
  34  3:57  Pylon  
  34  4:00  Probe  
  35  4:09  Probe, Forge  
  36  4:12  Probe, Pylon  
  37  4:19  Assimilator  
  37  4:22  Probe  
  38  4:24  Probe  
  38  4:28  Observer  
  40  4:34  Probe  
  40  4:36  Probe  
  42  4:41  Oracle  
  45  4:54  Probe, Assimilator  
  45  4:57  Photon Cannon  
  45  4:59  Immortal  
  50  5:05  Probe  
  51  5:09  Probe  
  51  5:11  Sentry  
  51  5:13  Zealot  
  51  5:14  Zealot  
  58  5:17  Probe, Phoenix  
  61  5:39  Zealot x3  
  61  5:49  Probe  
  62  5:58  Probe  
  62  6:01  Pylon  
  63  6:10  Probe  
  64  6:13  Immortal, Phoenix  
  70  6:25  Probe  
  71  6:29  Photon Cannon  
  71  6:38  Phoenix  
  71  6:39  Pylon  
  73  6:45  Twilight Council  
  73  6:47  Gateway  
  73  6:50  Gateway  
  73  6:55  Probe  
  73  6:58  Warp Prism  
  76  7:03  Phoenix  
  78  7:26  Stalker x3  
  78  7:27  Photon Cannon  
  78  7:28  Phoenix  
  78  7:29  Photon Cannon  
  86  7:32  Photon Cannon  
  86  7:39  Photon Cannon  
  86  7:41  Fleet Beacon  
  86  7:51  Pylon  
  86  7:54  Pylon  
  86  7:56  Pylon  
  86  7:59  Pylon  
  86  8:09  Probe, Phoenix  
  86  8:10  Protoss Shields Level 1, Pylon  
  86  8:12  Protoss Air Weapons Level 1  
  89  8:13  Pylon  
  89  8:25  Anion Pulse-Crystals  
  89  8:28  Zealot x3  
  89  8:29  Zealot  
  97  8:50  Zealot x4  
  97  8:51  Zealot  
  89  9:20  Phoenix  
  91  9:24  Stargate  
  91  9:36  Blink  
  91  9:45  Phoenix  
  93  10:04  Protoss Ground Weapons Level 1  
  93  10:06  Protoss Air Armor Level 1  
  89  10:10  Phoenix  
  89  10:12  Phoenix  
  87  10:41  Zealot x4  
  93  10:49  Phoenix  
  93  10:50  Phoenix  
  93  10:51  Stalker  
  97  11:01  Nexus, Photon Cannon  
  97  11:03  Assimilator  
  97  11:05  Zealot x3  
  97  11:07  Assimilator  
  97  11:09  Pylon  
  97  11:11  Photon Cannon  
  103  11:12  Pylon  
  103  11:14  Templar Archives  
  103  11:17  Photon Cannon  
  103  11:20  Stalker  
  105  11:34  Photon Cannon  
  105  11:36  Photon Cannon  
  105  11:37  Charge  
  105  11:38  Gateway  
  105  11:42  Gateway  
  105  11:48  Gateway  
  105  11:51  Gateway  
  105  11:55  Probe  
  105  11:57  High Templar x3  
  112  12:04  Psionic Storm  
  112  12:09  High Templar  
  112  12:10  High Templar  
  116  12:17  Pylon  
  116  12:29  Pylon  
  116  12:31  High Templar x3  
  116  12:34  Pylon  
  116  12:36  Pylon  
  122  12:43  High Templar  
  124  12:54  Pylon  
  124  12:56  High Templar  
  126  12:59  Pylon  
  126  13:13  Photon Cannon  
  126  13:15  Photon Cannon  
  126  13:18  Photon Cannon  
  126  13:23  Photon Cannon  
  126  13:34  Probe  
  127  13:45  Probe  
  128  13:56  High Templar  
  128  13:57  Probe, High Templar x2  
  135  14:09  Probe  
  125  14:16  Archon x2  
  107  14:20  Archon  
  107  14:21  Probe  
  90  14:24  High Templar x3  
  90  14:25  High Templar  
  90  14:30  Nexus  
  72  14:40  High Templar  
  70  14:50  Pylon  
  72  14:53  Pylon  
Tags
 
Add a new tag
Caveats
  • Supply blocks, unpowered buildings, or Contaminate may cause inaccurate times.
  • Supply counts are checked every 10 seconds.